 Dungeon Crawl Stone Soup version 0.24-a0-355-gbe4061de67 (webtiles) character file.

Game seed: 7340234846734837801

287 nikopol the Firebug (level 6, -1/32 HPs)
             Began as a Deep Elf Fire Elementalist on May 24, 2019.
             Slain by a phantom (6 damage)
             ... on level 4 of the Dungeon.
             The game lasted 00:07:08 (2577 turns).

nikopol the Firebug (Deep Elf Fire Elementalist)    Turns: 2577, Time: 00:07:09

Health: -1/32      AC:  3    Str:  5    XL:     6   Next: 8%
Magic:  10/15      EV: 13    Int: 22    God:
Gold:   158        SH:  0    Dex: 15    Spells: 5/15 levels left

rFire    . . .     SeeInvis .   q - +2 short sword (drain)
rCold    . . .     Gourm    .   (no shield)
rNeg     . . .     Faith    .   a - +0 robe
rPois    .         Spirit   .   (no helmet)
rElec    .         Reflect  .   (no cloak)
rCorr    .         Harm     .   d - +0 pair of gloves
MR       .....                  (no boots)
Stlth    +++.......             i - amulet of magic regeneration (curse)
HPRegen  0.10/turn              k - ring of wizardry
MPRegen  0.39/turn              (no ring)

@: no status effects
A: no striking features
a: no special abilities


You were on level 4 of the Dungeon.
You were not hungry.

You visited 1 branch of the dungeon, and saw 4 of its levels.

You collected 158 gold pieces.

Inventory:

Hand Weapons
 b - a +0 dagger
 e - a +0 dagger
 q - a +2 short sword of draining (weapon)
Armour
 a - a +0 robe (worn)
 d - a +0 pair of gloves (worn)
Jewellery
 i - a cursed amulet of magic regeneration (around neck)
 k - a ring of wizardry (left hand)
 p - a cursed -3 ring of strength {unknown}
 u - an uncursed amulet of harm
 x - an uncursed amulet of regeneration {unknown}
Scrolls
 n - a scroll of enchant weapon {unknown}
 o - 3 scrolls of teleportation {unknown}
 r - a scroll of remove curse {unknown}
 t - a scroll of noise {unknown}
 v - a scroll of fear {unknown}
 w - a scroll of identify {unknown}
 y - a scroll of blinking {unknown}
Potions
 f - 2 potions of brilliance {unknown}
 g - a potion of agility {unknown}
 h - 3 potions of heal wounds {unknown}
 j - a potion of degeneration {unknown}
 l - 3 potions of magic {unknown}
 m - a potion of invisibility {unknown}
 s - 2 potions of resistance {unknown}
 z - a potion of flight {unknown}
 B - a potion of curing {unknown}
 C - a potion of lignification {unknown}
Comestibles
 c - 6 rations
 A - 3 chunks of flesh


   Skills:
 + Level 2.7 Dodging
 + Level 3.6 Stealth
 + Level 5.1 Spellcasting
 + Level 3.3 Conjurations
 + Level 5.1 Fire Magic


You had 5 spell levels left.
You knew the following spells:

 Your Spells              Type           Power        Failure   Level  Hunger
a - Flame Tongue          Conj/Fire      ###..        1%          1    None
b - Throw Flame           Conj/Fire      ###...       1%          2    None
c - Conjure Flame         Conj/Fire      ###.....     2%          3    ##.....
d - Sticky Flame          Conj/Fire      ###.....     7%          4    ####...

Your spell library contained the following spells:

 Spells                   Type           Power        Failure   Level  Hunger
 Inner Flame              Hex/Fire       ###.....     4%          3    ##.....
 Fireball                 Conj/Fire      ###.......   19%         5    #####..


Dungeon Overview and Level Annotations

Branches:
Dungeon (4/15)
 Temple: D:4-7

Altars:
Cheibriados


Message History

Aiming: Flame Tongue (safe; 1% risk of failure)
Press: ? - help, Shift-Dir - straight line, f/p - phantom
Aim: a phantom (heavily damaged)
The flame tongue misses the phantom.
The phantom closely misses you.
Casting: Flame Tongue (safe; 1% risk of failure)
Confirm with . or Enter, or press ? or * to list all spells.
Aiming: Flame Tongue (safe; 1% risk of failure)
Press: ? - help, Shift-Dir - straight line, f/p - phantom
Aim: a phantom (heavily damaged)
The flame tongue misses the phantom.
The phantom hits you!
* * * LOW HITPOINT WARNING * * *
Casting: Flame Tongue (safe; 1% risk of failure)
Confirm with . or Enter, or press ? or * to list all spells.
Aiming: Flame Tongue (safe; 1% risk of failure)
Press: ? - help, Shift-Dir - straight line, f/p - phantom
Aim: a phantom (heavily damaged)
The flame tongue hits the phantom.
The phantom is heavily damaged.
The phantom hits you.
You die...

#.# #.# #.#
#.# #.# #>#
#####.#
#.....#
#@#####
#W##### .
#.....#.#
##.###.#.##.
#...........
#...........
#..#.......>
#..##.......
#...........


You could see a phantom.

Vanquished Creatures
  A howler monkey (D:4)
  A hound (D:4)
  A bullfrog skeleton (D:4)
  2 iguanas (D:3)
  A gnoll (D:1)
  4 adders
  A shadow imp (D:4)
  An ooze (D:3)
  3 worms (D:2)
  2 dart slugs
  A leopard gecko (D:1)
  4 orcs (D:2)
  A ball python (D:1)
  10 bats
  5 giant cockroaches
  6 goblins
  7 hobgoblins
  2 frilled lizards
  9 kobolds
  10 rats
72 creatures vanquished.

Notes
Turn   | Place    | Note
-------+----------+-------------------------------------------
     0 | D:1      | nikopol the Deep Elf Fire Elementalist began the quest for
                  | the Orb.
     0 | D:1      | Reached XP level 1. HP: 10/10 MP: 6/6
   162 | D:1      | Reached XP level 2. HP: 4/15 MP: 0/8
   548 | D:1      | Reached XP level 3. HP: 19/19 MP: 2/9
   759 | D:1      | Learned a level 2 spell: Throw Flame
   763 | D:1      | Learned a level 3 spell: Conjure Flame
  1195 | D:2      | You fall into a shaft and drop 1 floor!
  1397 | D:2      | Reached XP level 4. HP: 24/24 MP: 5/11
  1615 | D:2      | Learned a level 4 spell: Sticky Flame
  2118 | D:3      | Reached XP level 5. HP: 25/28 MP: 8/13
  2228 | D:3      | Found a snail-covered altar of Cheibriados.
  2462 | D:4      | Reached skill level 5 in Fire Magic
  2521 | D:4      | Reached skill level 5 in Spellcasting
  2521 | D:4      | Reached XP level 6. HP: 21/32 MP: 6/15
  2577 | D:4      | Slain by a phantom

Levels and vault maps discovered:
D:1:      wander_arrival_estate, layout_loops_corners, hex_tiny
D:2:      layout_loops_ring, first_ration
D:3:      layout_rooms, kennysheep_slug_shrine
D:4:      layout_loops_cross, minmay_pentomino_pile

Skill      XL: |  1  2  3  4  5 |
---------------+----------------+-----
Fire Magic     | 4 5 |  5.1
Conjurations   | 2 3 |  3.3
Spellcasting   | 4 5 |  5.1
Stealth        | 3 |  3.6
Dodging        | |  2.7

Action                   |  1- 3 |  4- 6 || total
-------------------------+-------+-------++-------
Melee: Dagger            |     1 |       ||     1
 Cast: Flame Tongue      |    70 |    67 ||   137
       Throw Flame       |     3 |     7 ||    10
       Sticky Flame      |       |     6 ||     6
  Eat: Chunk             |     1 |     5 ||     6
Armor: Robe              |     4 |     6 ||    10
Dodge: Dodged            |    28 |    17 ||    45

Table legend:
 A = Non-vault XP
 B = Vault XP
 C = Vault XP percentage of total XP
 D = Non-vault monster count
 E = Vault monster count
 F = Vault count percentage of total count
                 A         B        C        D         E       F
            +---------+---------+-------+---------+---------+-------
      Total |     366 |      44 |  10.7 |      70 |       2 |   2.8
            +---------+---------+-------+---------+---------+-------
        D:1 |      76 |       0 |   0.0 |      32 |       0 |   0.0
        D:2 |      69 |       0 |   0.0 |      27 |       0 |   0.0
        D:3 |     114 |       4 |   3.4 |       8 |       1 |  11.1
        D:4 |     107 |      40 |  27.2 |       3 |       1 |  25.0
            +---------+---------+-------+---------+---------+-------
